Map: Catalyst LE

Players

pillOw (Nina)

  • Race: Protoss Protoss
  • League: Grandmaster
  • Spawn Location: 5:00

aLive - Winner!

  • Race: Terran Terran
  • League: Master
  • Spawn Location: 11:00

VOD

Have the link to the VOD?

Description

Time

  • Played on: Feb. 9, 2018, 11:04 a.m.
  • Length: 13:25
Show
View Real Time Build Order
Export as new Build Order

pillOw Protoss 

Build Orders: 1 Gate Expand, Oracle Opening, Phoenix Opening 

Get SALT Encoding   

  12  0:00  Probe  
  13  0:12  Probe  
  14  0:18  Pylon  
  14  0:25  Probe (Chrono Boost)  
  15  0:37  Probe (Chrono Boost)  
  15  0:39  Gateway  
  16  0:45  Probe (Chrono Boost)  
  16  0:49  Assimilator  
  17  0:51  Probe  
  18  1:03  Probe  
  19  1:15  Probe  
  20  1:26  Nexus  
  20  1:36  Cybernetics Core  
  20  1:38  Probe  
  21  1:45  Assimilator  
  21  1:50  Probe  
  22  1:56  Pylon  
  22  2:02  Probe  
  23  2:12  Adept (Chrono Boost)  
  23  2:14  Warp Gate  
  23  2:15  Probe  
  26  2:26  Stargate  
  26  2:28  Probe  
  27  2:35  Adept (Chrono Boost)  
  29  2:38  Probe  
  29  2:40  Probe  
  31  2:50  Probe  
  32  2:52  Probe  
  32  2:53  Adept (Chrono Boost)  
  35  3:02  Probe  
  35  3:04  Probe  
  37  3:08  Oracle (Chrono Boost)  
  40  3:14  Probe  
  40  3:16  Probe  
  42  3:20  Pylon  
  42  3:22  Adept  
  42  3:26  Probe  
  43  3:29  Gateway  
  43  3:30  Probe  
  44  3:34  Gateway  
  44  3:36  Gateway  
  44  3:42  Phoenix (Chrono Boost)  
  44  3:43  Probe  
  44  3:45  Probe  
  48  3:54  Shield Battery  
  48  3:55  Probe  
  48  3:57  Probe  
  48  4:01  Phoenix (Chrono Boost)  
  52  4:05  Pylon  
  52  4:08  Probe  
  53  4:10  Probe  
  54  4:23  Probe x2  
  56  4:25  Phoenix (Chrono Boost)  
  58  4:41  Probe  
  58  4:43  Probe  
  58  4:44  Nexus  
  60  4:48  Phoenix (Chrono Boost)  
  60  4:49  Pylon  
  62  4:53  Assimilator  
  62  4:54  Assimilator  
  62  4:55  Robotics Facility  
  62  5:06  Phoenix, Pylon  
  62  5:07  Probe x2  
  66  5:25  Probe  
  68  5:28  Probe  
  68  5:30  Forge  
  68  5:31  Phoenix  
  68  5:32  Forge  
  68  5:35  Twilight Council  
  70  5:44  Probe  
  70  5:46  Probe  
  69  5:56  Probe  
  69  5:57  Adept  
  67  5:58  Probe  
  67  5:59  Phoenix  
  67  6:01  Probe  
  67  6:03  Protoss Ground Armor Level 1 (Chrono Boost)  
  71  6:08  Protoss Ground Weapons Level 1 (Chrono Boost), Probe  
  71  6:10  Probe  
  73  6:17  Gateway  
  73  6:23  Adept x3  
  79  6:26  Phoenix  
  79  6:35  Immortal (Chrono Boost)  
  83  6:44  Adept x2  
  87  6:47  Adept  
  87  6:52  Charge  
  89  7:00  Pylon  
  87  7:17  Phoenix, Pylon  
  87  7:18  Pylon, Probe x3  
  92  7:24  Observer  
  92  7:28  Gateway  
  92  7:29  Gateway  
  93  7:34  Probe  
  93  7:35  Probe x2  
  93  7:37  Adept x4  
  98  7:43  Pylon  
  102  7:47  Probe x3  
  102  7:50  Gateway  
  101  7:59  Probe  
  101  8:03  Adept x4  
  90  8:07  Adept x3  
  90  8:09  Probe  
  90  8:11  Phoenix, Probe  
  90  8:12  Probe  
  93  8:21  Probe  
  93  8:23  Probe  
  93  8:24  Protoss Ground Weapons Level 2 (Chrono Boost), Protoss Ground Armor Level 2 (Chrono Boost)  
  86  8:28  Sentry x2  
  86  8:33  Gateway, Probe  
  91  8:34  Zealot  
  91  8:35  Zealot  
  91  8:36  Phoenix (Chrono Boost)  
  91  8:37  Pylon  
  96  8:45  Pylon  
  96  8:47  Immortal  
  100  9:03  Phoenix (Chrono Boost)  
  100  9:05  Zealot x5  
  100  9:09  Pylon  
  112  9:15  Gateway  
  112  9:17  Gateway  
  112  9:19  Templar Archives  
  112  9:20  Zealot x2  
  116  9:25  Phoenix (Chrono Boost)  
  116  9:29  Warp Prism (Chrono Boost)  
  120  9:33  Zealot x4  
  126  9:45  Zealot x2  
  118  9:46  Phoenix  
  118  9:52  Nexus  
  120  9:57  Zealot  
  120  9:58  Assimilator  
  120  9:59  High Templar, Assimilator  
  124  10:00  High Templar  
  124  10:03  Zealot  
  124  10:04  Archon  
  124  10:05  Pylon  
  128  10:18  Pylon  
  128  10:23  Pylon  
  122  10:29  Zealot  
  122  10:30  Zealot x6  
  122  10:33  Zealot x2  
  122  10:34  Zealot  
  116  10:51  Stalker x3  
  116  10:53  High Templar x3  
  126  10:57  Archon  
  126  10:58  High Templar  
  126  11:02  Stalker  
  130  11:05  Archon  
  130  11:06  Zealot  
  122  11:25  Zealot x5  
  130  11:30  Probe  
  130  11:31  Probe  
  133  11:35  High Templar  
  133  11:36  High Templar  
  133  11:39  Archon  
  136  11:46  Zealot  
  136  11:47  Zealot  
  140  11:48  Zealot x2  
  140  11:54  Zealot x2  
  148  12:11  High Templar x3  
  148  12:12  Zealot x4, High Templar  
  148  12:14  Archon  
  164  12:15  Archon  
  164  12:17  Zealot x2  
  168  12:31  Pylon  
  168  12:33  Pylon, Probe x4  
  171  12:45  Probe  
  172  12:55  Zealot x6  
  184  12:59  Probe x2  
  184  13:03  Zealot  
Show
View Real Time Build Order
Export as new Build Order

aLive Terran - Winner!

Build Orders: Gas First Reaper Expand, Reaper Expand, MMM Bio 

Get SALT Encoding   

  12  0:00  SCV  
  13  0:12  SCV  
  14  0:17  Supply Depot  
  14  0:25  SCV  
  15  0:29  Refinery  
  15  0:38  SCV  
  16  0:45  Barracks  
  16  0:50  SCV  
  17  1:03  SCV  
  18  1:15  SCV  
  19  1:31  Orbital Command, Reaper  
  20  1:44  Command Center  
  20  1:55  Factory  
  20  1:58  SCV  
  21  2:06  Refinery, Barracks Reactor  
  21  2:10  SCV  
  22  2:18  Supply Depot  
  23  2:22  SCV  
  23  2:39  SCV, Starport  
  24  2:47  Hellion x2  
  28  2:51  SCV  
  29  3:00  Orbital Command  
  29  3:06  SCV  
  29  3:14  Widow Mine x2  
  29  3:17  Medivac  
  34  3:22  SCV  
  34  3:26  SCV, Barracks Tech Lab  
  36  3:35  SCV  
  36  3:38  SCV  
  42  3:46  Marine, Supply Depot  
  42  3:47  Stimpack  
  39  3:50  SCV  
  39  3:51  SCV  
  41  3:56  Barracks  
  41  3:59  Factory Tech Lab  
  41  4:02  Barracks  
  41  4:04  SCV x2  
  41  4:08  Marine  
  44  4:10  Viking  
  44  4:16  Supply Depot  
  46  4:20  SCV  
  46  4:23  SCV  
  48  4:29  Marine  
  49  4:34  SCV  
  49  4:35  SCV  
  51  4:40  Engineering Bay  
  51  4:45  Factory Reactor  
  49  4:47  Supply Depot  
  49  4:49  Marine  
  49  4:50  Marine, Starport Reactor  
  49  4:51  Marine  
  49  4:52  SCV x2  
  52  4:58  Marine  
  52  4:59  Combat Shields  
  53  5:07  Terran Infantry Weapons Level 1  
  53  5:10  SCV x2, Supply Depot  
  53  5:11  Supply Depot  
  53  5:13  Marine x3  
  58  5:16  Marine  
  57  5:23  SCV x2  
  59  5:31  Medivac, Marine x3  
  59  5:32  Medivac  
  59  5:34  Marine  
  67  5:36  Widow Mine x2  
  71  5:44  SCV x2  
  71  5:52  Marine x2  
  71  5:54  Marauder x2  
  77  5:57  Supply Depot  
  77  6:04  Concussive Shells  
  75  6:06  SCV x2  
  75  6:08  Refinery  
  75  6:09  Refinery  
  75  6:10  Supply Depot  
  75  6:11  Widow Mine x2  
  79  6:15  Marine x3  
  79  6:16  Marine  
  83  6:20  SCV x2  
  83  6:32  SCV x2  
  85  6:36  Marine  
  85  6:37  Marine x3, Command Center  
  85  6:38  Medivac x2  
  93  6:46  Barracks  
  93  6:47  Barracks  
  93  6:55  SCV x2, Supply Depot x2  
  95  7:02  Terran Infantry Armor Level 1  
  93  7:13  Marine x2  
  93  7:14  Marauder x2  
  94  7:19  Medivac x2, Widow Mine x2  
  94  7:22  Supply Depot x2  
  102  7:35  Marine x2  
  102  7:36  Marauder x2, Barracks Reactor, Barracks Tech Lab  
  106  7:40  SCV x2  
  108  7:46  Supply Depot  
  108  7:47  Supply Depot  
  108  7:48  Widow Mine x2  
  108  7:49  Medivac x2  
  97  8:15  Marine x2  
  97  8:16  Marine x2, Marauder x3  
  88  8:29  Medivac x2, Widow Mine x2  
  88  8:30  SCV, Orbital Command  
  88  8:31  SCV  
  98  8:36  Marine x4, Supply Depot  
  98  8:37  Marauder x2  
  106  8:49  Engineering Bay  
  106  8:51  Armory  
  103  8:57  SCV x2  
  103  9:02  Liberator x2  
  102  9:04  Marine x2  
  102  9:05  Marine x2, Marauder  
  102  9:06  Marauder x2  
  102  9:09  SCV  
  113  9:13  SCV  
  113  9:15  SCV  
  115  9:21  SCV, Widow Mine x2  
  126  9:25  SCV  
  127  9:31  Marine x3  
  127  9:32  Marine  
  127  9:33  Marauder x3  
  130  9:49  Marine x4, SCV  
  130  9:50  SCV x2  
  130  9:51  Terran Infantry Weapons Level 2, Terran Infantry Armor Level 2  
  137  9:53  Refinery  
  137  9:55  Refinery  
  137  9:59  Marauder x3, Widow Mine  
  147  10:00  Widow Mine  
  147  10:10  Marine x4  
  151  10:16  SCV x3, Missile Turret  
  151  10:20  Marauder x3  
  158  10:34  Marine  
  158  10:35  Marine x3  
  150  10:38  Liberator x2  
  150  10:41  Marauder x2  
  139  10:46  Marine  
  127  10:52  Marine x2  
  127  10:53  Marine  
  127  10:55  Widow Mine x2  
  139  11:07  Marine  
  139  11:09  Marauder x3  
  139  11:10  Marine x3  
  138  11:21  Liberator x2  
  138  11:24  Widow Mine x2  
  138  11:25  Marine  
  140  11:28  Barracks  
  140  11:30  Command Center, Barracks  
  140  11:34  Marine  
  140  11:35  Marine x2  
  149  11:40  Ghost Academy  
  149  11:42  Supply Depot  
  149  11:46  Marine  
  151  11:48  Marauder  
  151  11:49  Widow Mine x2  
  151  11:52  Marine x3  
  159  12:02  Sensor Tower  
  159  12:04  Marine  
  160  12:10  Ghost x3  
  160  12:12  Widow Mine x2  
  160  12:14  Liberator x2  
  170  12:18  Supply Depot  
  170  12:19  Marine x2, Supply Depot  
  170  12:20  Barracks Tech Lab  
  170  12:21  Barracks Reactor  
  178  12:39  Marine x4  
  182  12:45  Ghost x4  
  190  12:57  Missile Turret  
Tags
 
Add a new tag
Caveats
  • Supply blocks, unpowered buildings, or Contaminate may cause inaccurate times.
  • Supply counts are checked every 10 seconds.